Map: Orbital Shipyard

Players

MarineLorD - Winner!

  • Race: Terran Terran
  • League: Master

PRIMELOT

  • Race: Protoss Protoss
  • League: Grandmaster

Event: DreamHack ZOWIE Open Leipzig

VOD

Have the link to the VOD?

Description

Time

  • Played on: Jan. 22, 2016, 7:40 a.m.
  • Length: 6:28

All games in this series

Show
View Real Time Build Order
Export as new Build Order

MarineLorD Terran - Winner!

Build Orders: 1/1/1, Liberator Opening 

Get SALT Encoding   

  12  0:00  SCV  
  13  0:12  SCV  
  14  0:17  Supply Depot  
  14  0:24  SCV  
  15  0:39  SCV  
  15  0:40  Barracks  
  16  0:44  Refinery  
  16  0:51  SCV  
  16  0:54  Refinery  
  17  1:03  SCV  
  18  1:15  SCV  
  19  1:27  Marine, Orbital Command  
  20  1:34  Factory  
  20  1:44  Supply Depot  
  20  1:50  Barracks Reactor  
  20  1:52  SCV  
  21  2:04  SCV  
  22  2:16  SCV  
  22  2:18  Starport  
  22  2:19  Supply Depot, Hellion  
  25  2:26  Marine x2  
  25  2:29  SCV  
  28  2:40  Hellion  
  28  2:41  SCV  
  28  2:44  Marine x2  
  33  2:52  Supply Depot  
  34  3:01  Medivac  
  34  3:02  Marine x2  
  37  3:06  Hellion  
  39  3:13  SCV  
  39  3:15  Supply Depot  
  39  3:19  Marine  
  40  3:20  Marine  
  40  3:25  SCV  
  43  3:29  Factory Tech Lab, Liberator  
  43  3:37  SCV, Marine x2  
  49  3:56  Supply Depot  
  49  3:58  Marine x2  
  49  3:59  Cyclone  
  49  4:00  SCV  
  55  4:17  SCV, Marine x2  
  55  4:35  Marine x2  
  58  4:42  Siege Tank  
  58  4:43  SCV  
  61  4:50  Command Center  
  60  4:53  Marine x2  
  60  4:55  SCV  
  60  5:07  SCV  
  60  5:10  Marine x2  
  60  5:14  Supply Depot x2  
  63  5:19  Liberator  
  63  5:26  Engineering Bay  
  63  5:35  SCV, Siege Tank, Marine x2  
  72  5:47  SCV  
  73  5:55  Marine  
  72  5:58  Marine  
  72  5:59  SCV  
  63  6:11  SCV  
  63  6:19  Barracks  
  63  6:20  Barracks  
  63  6:26  Missile Turret x2  
Show
View Real Time Build Order
Export as new Build Order

PRIMELOT Protoss 

Build Orders: 1 Gate Expand 

Get SALT Encoding   

  12  0:01  Probe (Chrono Boost)  
  13  0:11  Probe (Chrono Boost)  
  14  0:17  Pylon  
  14  0:22  Probe (Chrono Boost)  
  16  0:35  Probe (Chrono Boost)  
  16  0:38  Gateway  
  16  0:46  Probe (Chrono Boost), Assimilator  
  17  0:56  Probe (Chrono Boost)  
  18  1:07  Probe (Chrono Boost)  
  19  1:19  Nexus  
  19  1:28  Cybernetics Core  
  19  1:31  Probe (Chrono Boost)  
  20  1:42  Probe (Chrono Boost), Pylon  
  21  1:53  Probe (Chrono Boost)  
  21  1:54  Assimilator  
  22  2:04  Adept (Chrono Boost)  
  25  2:09  Mothership Core  
  26  2:21  Pylon  
  26  2:22  Warp Gate  
  26  2:28  Adept (Chrono Boost)  
  28  2:30  Probe (Chrono Boost)  
  28  2:32  Probe (Chrono Boost)  
  30  2:40  Pylon  
  30  2:41  Probe (Chrono Boost)  
  31  2:49  Twilight Council  
  31  2:52  Probe (Chrono Boost)  
  31  2:55  Probe (Chrono Boost)  
  33  3:02  Probe (Chrono Boost)  
  35  3:05  Probe (Chrono Boost)  
  35  3:13  Probe (Chrono Boost)  
  35  3:16  Probe (Chrono Boost)  
  37  3:24  Probe (Chrono Boost)  
  38  3:27  Resonating Glaives (Chrono Boost)  
  38  3:31  Probe (Chrono Boost)  
  38  3:32  Robotics Facility  
  39  3:35  Probe (Chrono Boost)  
  40  3:42  Probe (Chrono Boost)  
  40  3:43  Stalker  
  40  3:46  Probe (Chrono Boost)  
  44  3:51  Probe (Chrono Boost)  
  45  3:57  Probe  
  45  3:58  Gateway  
  45  4:01  Gateway  
  46  4:07  Gateway  
  46  4:15  Pylon  
  41  4:28  Adept  
  40  4:32  Pylon  
  40  4:35  Probe  
  40  4:37  Probe  
  38  4:46  Probe  
  38  4:49  Probe  
  36  4:55  Adept x3  
  36  4:56  Probe  
  42  5:06  Mothership Core  
  41  5:17  Warp Prism (Chrono Boost)  
  43  5:26  Stalker  
  43  5:27  Stalker  
  47  5:36  Probe x2  
  49  5:47  Probe  
  49  5:48  Probe  
  43  5:58  Adept  
  43  5:59  Adept x2  
  41  6:14  Probe  
  41  6:15  Probe  
  43  6:19  Stalker x2  

Tags
 
Add a new tag
Caveats
  • Supply blocks, unpowered buildings, or Contaminate may cause inaccurate times.
  • Supply counts are checked every 10 seconds.